 Dungeon Crawl Stone Soup version 0.32-a0-391-gce5c0aab1b (webtiles) character file.

Game seed: 13347662396997089214

112413 juan097 the Corrupter of Planes (level 16, -3/129 HPs)
             Began as a Demonspawn Gladiator on Feb 19, 2024.
             Was the Champion of Lugonu.
             Killed from afar by Jorgrun (30 damage)
             ... with a blast of rock fragments
             ... on level 1 of the Snake Pit on Feb 20, 2024.
             The game lasted 01:25:04 (25939 turns).

juan097 the Corrupter of Planes (DsGl)             Turns: 25939, Time: 01:25:04

Health: -3/129     AC: 18    Str: 14    XL:     16   Next: 11%
Magic:  17/26      EV: 19    Int: 19    God:    Lugonu [******]
Gold:   767        SH:  0    Dex: 24    Spells: 15/15 levels left

rFire   + . .        a - +0 scimitar (spect)
rCold   . . .        (no shield)
rNeg    + . .        l - +0 acid dragon scales
rPois   +            v - +2 helmet {SInv}
rElec   +            X - +2 ratskin cloak {*Rats rPois rN+ Str-1 Int-1 Dex+1}
rCorr   +            (gloves unavailable)
SInv    +            U - +1 pair of boots {rampage}
Will    +....        V - amulet of regeneration
Stlth   ++           Q - ring of fire
HPRegen 1.21/turn    Z - ring "Ugyicuapp" {rElec rC+ Int+6 Dex+2, =R}
MPRegen 0.40/turn

%: rampage
@: lethally poisoned (-3 -> -3), hasted, glowing, very quick
A: powered by death 2, magic regeneration, big brain 2, demonic touch 3, foul
glow 1
a: Renounce Religion, Depart the Abyss, Banish, Corrupt, Enter the Abyss, Brand
Weapon With Distortion


You were on level 1 of the Snake Pit.
You worshipped Lugonu.
Lugonu was exalted by your worship.
You visited 5 branches of the dungeon, and saw 24 of its levels.
You visited the Abyss 1 time.
You also visited: Sewer, Bailey and Ice Cave.

You collected 2294 gold pieces.
You spent 1527 gold pieces at shops.

Inventory:

Hand Weapons
 a - a +0 spectral scimitar (weapon)
 b - a +2 antimagic orcbow
 w - a +2 dagger of holy wrath
Missiles
 d - 3 throwing nets
 e - 9 javelins
 i - 68 poisoned darts
 n - 9 darts of dispersal
 t - 14 boomerangs (quivered)
 H - 5 curare-tipped darts
 S - 5 datura-tipped darts
Armour
 l - +0 acid dragon scales (worn)
 v - a +2 helmet of see invisible (worn)
 U - a +1 pair of boots of rampaging (worn)
 X - the +2 ratskin cloak (worn) {*Rats rPois rN+ Str-1 Int-1 Dex+1}
   (You found it in a bailey)

   *Rats:     When the wearer is hurt, rats may emerge from it to assist them.
   Str-1:     It affects your strength (-1).
   Int-1:     It affects your intelligence (-1).
   Dex+1:     It affects your dexterity (+1).
   rPois:     It protects you from poison rN+: It protects you from negative
   energy.
Jewellery
 c - a ring of willpower
 o - a +6 ring of dexterity
 Q - a ring of fire (left hand)
 V - an amulet of regeneration (around neck)
 Z - the ring "Ugyicuapp" (right hand) {rElec rC+ Int+6 Dex+2, =R}
   (You found it on level 5 of the Lair of Beasts)

   [ring of intelligence]

   Int+6:     It affects your intelligence (+6).
   Dex+2:     It affects your dexterity (+2).
   rC+:       It protects you from cold.
   rElec:     It insulates you from electricity.
Wands
 u - a wand of paralysis (15)
 y - a wand of light (2)
 G - a wand of polymorph (5)
 O - a wand of flame (13)
 Y - a wand of digging (14)
Scrolls
 r - 4 scrolls of silence
 s - 10 scrolls of teleportation
 x - 2 scrolls of revelation
 z - a scroll of fog
 A - 2 scrolls of enchant weapon
 C - 3 scrolls of immolation
 E - a scroll of enchant armour
 J - 4 scrolls of identify
 M - 5 scrolls of poison
 N - 7 scrolls of vulnerability
 R - 5 scrolls of blinking
Potions
 f - 3 potions of might
 g - a potion of haste
 h - 8 potions of curing
 j - 5 potions of enlightenment
 m - 5 potions of attraction
 q - 2 potions of magic
 B - 4 potions of lignification
 D - 4 potions of cancellation
 F - 3 potions of berserk rage
 I - 13 potions of heal wounds
 K - 2 potions of resistance
 P - 3 potions of ambrosia
Miscellaneous
 k - a phial of floods


   Skills:
 + Level 12.7 Fighting
 - Level 14.0 Long Blades
 + Level 7.2 Ranged Weapons
 + Level 4.3 Throwing
 + Level 9.8 Armour
 + Level 9.8 Dodging
 - Level 6.0 Stealth
 - Level 14.0 Invocations
 - Level 6.0 Evocations


You had 15 spell levels left.
You didn't know any spells.
Your spell library contained the following spells:

 Spells                   Type           Power      Damage    Failure   Level
 Magic Dart               Conj           0%         1d3       26%         1
 Blink                    Tloc           0%         N/A       38%         2
 Call Imp                 Summ           0%         N/A       38%         2
 Cigotuvi's Dreadful Rot  Necr/Alch/Air  0%         N/A       38%         2
 Momentum Strike          Conj/Tloc      0%         3d8       38%         2
 Searing Ray              Conj           0%         2d4       38%         2
 Dazzling Flash           Conj/Hex       0%         N/A       63%         3
 Fugue of the Fallen      Necr           0%         N/A       63%         3
 Inner Flame              Hex/Fire       0%         N/A       63%         3
 Ozocubu's Armour         Ice            0%         N/A       63%         3
 Stone Arrow              Conj/Erth      0%         3d7       63%         3
 Volatile Blastmotes      Fire/Tloc      0%         2d10      63%         3
 Cause Fear               Hex            0%         N/A       95%         4
 Dispel Undead            Necr           0%         3d6       95%         4
 Fulminant Prism          Conj/Alch      0%         3d5       95%         4
 Ignite Poison            Fire/Alch      0%         N/A       95%         4
 Iskenderun's Mystic Bla  Conj/Tloc      0%         2d3       95%         4
 Manifold Assault         Tloc           0%         N/A       95%         4
 Martyr's Knell           Necr/Summ      0%         N/A       95%         4
 Sticky Flame             Fire/Alch      0%         2d4       95%         4
 Vhi's Electric Charge    Tloc/Air       0%         N/A       95%         4
 Arcjolt                  Conj/Air       0%         1d10      100%        5
 Fireball                 Conj/Fire      0%         3d3       100%        5
 Freezing Cloud           Conj/Ice/Air   0%         6-21      100%        5
 Irradiate                Conj/Alch      0%         3d11      100%        5
 Death Channel            Necr           0%         N/A       100%        6
 Starburst                Conj/Fire      0%         6d3       100%        6
 Ignition                 Fire           0%         3d3       100%        8
 Maxwell's Capacitive Co  Air            0%         ∞         100%        8
 Chain Lightning          Conj/Air       0%         N/A       100%        9
 Dragon's Call            Summ           0%         N/A       100%        9


Dungeon Overview and Level Annotations

Branches:
Dungeon (15/15)            Temple (1/1) D:5            Lair (5/5) D:8
  Swamp (0/4) Lair:3        Snake (1/4) Lair:3        Slime (0/5) Lair:5
    Orc (2/2) D:11            Elf (0/3) Orc:2        Vaults (0/5) D:13
 Depths (0/4) D:15          Sewer (visited)          Bailey (visited)
  IceCv (visited)

Altars:
Ashenzari
Cheibriados
Dithmenos
Fedhas
Gozag
Hepliaklqana
Kikubaaqudgha
Makhleb
Nemelex Xobeh
Okawaru
Qazlal
Ru
Sif Muna
Trog
Uskayaw
Vehumet
Wu Jian
Xom
Yredelemnul
Beogh
Jiyva

Shops:
D:9 *!?   D:10 [:**   D:14 [   Orc:1 !   Orc:2 *(:[

Portals:
Trove: D:10 (give 8 scrolls of fog)

Annotations:
D:8 3 runed translucent doors, anacleto's ghost, novice TrSh
Lair:4 exclusion: oklob plant
Lair:5 exclusion: oklob plant
Snake:1 Aizul; Jorgrun


Innate Abilities, Weirdness & Mutations

You regenerate health from kills.
You regenerate magic rapidly.
You have an extremely huge brain. (Int +4)
Your touch may irresistibly damage your foes and sap their willpower.
You glow faintly, very rarely releasing foul flame when damaged in melee.


Message History

You feel sick. Jorgrun casts a spell at you. The iron shot misses you.
You slash Jorgrun!
You touch Jorgrun!
You sap his willpower!
Jorgrun is severely wounded.
Your +0 spectral scimitar hits Jorgrun.
You feel sick.
Aizul hits your +0 spectral scimitar!
Your spectral weapon shares its damage with you!
Jorgrun hits you with a staff of earth. The ground beneath you fractures!!
A naga comes into view. It is wielding a +0 trident of venom.
You are too injured to fight recklessly!
You are too injured to fight recklessly!
You are too injured to fight recklessly!
You are too injured to fight recklessly!
You are too injured to fight recklessly!
You feel yourself speed up.
Your +0 spectral scimitar disappears.
You feel sick.
Aizul coils herself and waves her upper body at you.
You fall asleep.
Jorgrun hits you with a staff of earth.
You wake up.
Blink to where?
Press: ? - help, Dir - move target
As you read the scroll of blinking, it crumbles to dust.
Aizul casts a spell at you. The poison arrow hits you!
You are more poisoned.
You partially resist.
* * * LOW HITPOINT WARNING * * *
You close the door, pushing everything out of the way.
You feel very sick.
You feel very sick.
You feel sick.
You feel sick.
You feel sick.
You hear a grinding noise.
You feel sick.
Aizul opens the door.
Jorgrun gestures next to you while chanting.
The wall shatters!
The blast of rock fragments hits you!!
You die...

#.# #######.#
........#
.###.#############
..................
####.#####.#########
.. #.# #.........#
######'## #.#
#.#####.#.###.......##
#.#
#......@....+$.......#
#.#
#########.###....$...#
#.#
#######..##........'
#.
#........S'........#
..#####.##.S.S.....#
#.# #g..S....# #.#
#........# #.#
#........# ..#
#........#


You could see Aizul, Jorgrun (weak-willed) and an anaconda.

Vanquished Creatures
  A frost giant (IceCv)
  2 orc warlords
  A stone giant (D:15)
  Nessos (Lair:5)
  A fire dragon (Lair:5)
  A vault guard (D:13)
  Erolcha (D:9)
  Fannar (D:10)
  An ironbound frostheart (D:13)
  An anaconda (Snake:1)
  2 hydras
  7 centaur warriors
  A two-headed ogre (D:10)
  9 death yaks (IceCv)
  A boulder beetle (D:13)
  An orc high priest (Orc:1)
  Urug (Lair:4)
  An occultist (D:13)
  Sonja (Lair:2)
  A fire crab (D:8)
  16 slime creatures
  Pikel (D:8)
  6 orc knights
  An oklob plant (Lair:2)
  12 ugly things
  A wolf spider (Lair:5)
  3 salamanders
  2 deep elf pyromancers (D:15)
  5 orc sorcerers
  A cyclops (D:13)
  2 manticores
  3 kobold blastminers
  An ice statue (IceCv)
  10 black mambas
  A black mamba (shapeshifter) (D:14)
  A guardian serpent (Lair:5)
  17 cane toads
  2 gargoyles
  A yaktaur (D:15)
  An unseen horror (D:13)
  A tengu conjurer (D:14)
  9 komodo dragons
  15 rime drakes
  A freezing wraith (D:15)
  8 trolls
  A wandering mushroom (Lair:5)
  A hornet (Lair:5)
  6 polar bears
  10 blink frogs
  A centaur simulacrum (D:14)
  3 shadows
  16 wyverns
  2 vampires
  46 yaks
  A wraith (D:9)
  A human (D:13)
  3 basilisks
  5 wargs
  3 redbacks (Lair:5)
  4 steam dragons
  3 acid dragons
  17 vampire mosquitoes
  2 nagas (Snake:1)
  22 water moccasins
  3 sky beasts
  2 black bears
  2 laughing skulls
  40 orc warriors
  9 ogres
  4 boggarts (D:14)
  28 wolves
  10 centaurs
  3 phantoms
  A lemure (D:8)
  10 bullfrogs
  10 kobold brigands
  A gnoll sergeant (D:12)
  3 scorpions
  14 killer bees
  8 wolf zombies (Bailey)
  6 electric eels
  A howler monkey (D:13)
  8 vampire bats (Bailey)
  2 bombardier beetles (D:5)
  4 lava snakes (Lair:3)
  7 hounds
  18 orc priests
  A sleepcap (D:5)
  A gnoll bouda (D:10)
  An iguana (D:7)
  13 orc wizards
  Robin (D:2)
  18 gnolls
  7 adders
  2 river rats (Sewer)
  A shadow imp (D:8)
  3 white imps
  An ufetubus (D:6)
  2 dart slugs (D:4)
  4 ribbon worms
  81 orcs
  13 endoplasms
  4 giant cockroaches (D:5)
  17 hobgoblins
  6 jackals
  7 quokkas
  13 ball pythons
  4 bats
  3 frilled lizards
  20 goblins
  36 kobolds
  22 orc zombies (Bailey)
  6 rats
  A ballistomycete spore (Orc:1)
  A butterfly (Lair:2)
787 creatures vanquished.

Vanquished Creatures (collateral kills)
  An orc warlord (Orc:1)
  A centaur warrior (D:13)
  A catoblepas (Lair:5)
  Maurice (D:11)
  2 slime creatures (D:15)
  A freezing wraith (D:15)
  A komodo dragon (Lair:2)
  A hornet (Lair:5)
  A wraith (D:13)
  A warg (Orc:1)
  A redback (Lair:5)
  A water moccasin (Lair:5)
  2 orc warriors
  2 orc wizards
  2 orcs
  16 ballistomycete spores
35 creatures vanquished.

Vanquished Creatures (others)
  A yak (Lair:2)
  An orc priest (Orc:1)
  An ufetubus (D:6)
  An orc (Orc:1)
  7 ballistomycete spores
  4 spectral weapons
15 creatures vanquished.

Grand Total: 837 creatures vanquished

Notes
Turn   | Place    | Note
-------+----------+-------------------------------------------
     0 | D:1      | juan097 the Demonspawn Gladiator began the quest for the
                  | Orb.
     0 | D:1      | Reached XP level 1. HP: 16/16 MP: 1/1
    62 | D:1      | Reached skill level 1 in Stealth
    75 | D:1      | Gained mutation: You regenerate a little health from kills.
                  | [demonic ancestry]
    75 | D:1      | Reached XP level 2. HP: 22/22 MP: 2/2
   326 | D:1      | Gained mutation: You have an unusually large brain. (Int
                  | +2) [demonic ancestry]
   326 | D:1      | Reached XP level 3. HP: 27/27 MP: 3/3
   404 | D:1      | Found a faded altar of an unknown god.
  1049 | D:2      | Noticed Robin
  1070 | D:2      | Gained mutation: You regenerate health from kills. [demonic
                  | ancestry]
  1070 | D:2      | Reached XP level 4. HP: 32/33 MP: 4/4
  1079 | D:2      | Killed Robin
  1902 | D:3      | Reached XP level 5. HP: 31/38 MP: 5/5
  2497 | D:3      | Gained mutation: You have an extremely huge brain. (Int +4)
                  | [demonic ancestry]
  2497 | D:3      | Reached XP level 6. HP: 44/44 MP: 6/6
  2769 | D:4      | Reached skill level 5 in Long Blades
  3596 | D:4      | Reached skill level 1 in Ranged Weapons
  3865 | D:5      | Entered Level 5 of the Dungeon
  3875 | D:5      | Gained mutation: Your touch may inflict minor irresistible
                  | damage on your foes. [demonic ancestry]
  3875 | D:5      | Reached XP level 7. HP: 50/50 MP: 7/7
  3956 | D:5      | Found a staircase to the Ecumenical Temple.
  3957 | D:5      | Found a shadowy altar of Dithmenos.
  4004 | D:5      | Found a glowing drain.
  4026 | Sewer    | Entered a sewer
  4060 | Sewer    | Reached skill level 1 in Armour
  4623 | Sewer    | Reached XP level 8. HP: 37/58 MP: 8/8
  4866 | Temple   | Entered the Ecumenical Temple
  4883 | Temple   | Became a worshipper of Fedhas Madash
  5378 | D:6      | Reached skill level 1 in Invocations
  5544 | D:6      | Reached * piety under Fedhas
  5594 | D:6      | Gained mutation: Your touch may inflict irresistible damage
                  | on your foes. [demonic ancestry]
  5594 | D:6      | Reached XP level 9. HP: 64/65 MP: 10/10
  6378 | D:7      | Found a burning altar of Makhleb.
  6537 | D:7      | Reached ** piety under Fedhas
  6630 | D:7      | Identified the +0 short sword of Ivvoave {flame, rF+ rC-
                  | Str+6}
  7014 | D:7      | Reached skill level 5 in Fighting
  7021 | D:7      | Found a shimmering altar of Xom.
  7835 | D:8      | Found a broken altar of Ashenzari.
  8193 | D:8      | Found an ornate altar of the Wu Jian Council.
  8385 | D:8      | Found a staircase to the Lair.
  8387 | D:8      | Noticed a fire crab
  8402 | D:8      | Killed a fire crab
  8403 | D:8      | Reached skill level 5 in Dodging
  8565 | D:9      | Found Egraalib's Distillery.
  8596 | D:9      | Bought a potion of curing for 33 gold pieces
  8596 | D:9      | Bought 2 potions of heal wounds for 110 gold pieces
  8596 | D:9      | Bought a potion of haste for 110 gold pieces
  8596 | D:9      | Bought a potion of berserk rage for 55 gold pieces
  8690 | D:9      | Reached XP level 10. HP: 71/76 MP: 13/13
  8713 | D:9      | Reached *** piety under Fedhas
  8767 | D:9      | Found a flagged portal.
  8787 | Bailey   | Entered a bailey
  9055 | Bailey   | Reached **** piety under Fedhas
  9106 | Bailey   | Noticed a gargoyle
  9118 | Bailey   | Killed a gargoyle
  9149 | Bailey   | Identified the +1 leather armour of Fun and Games {Int+5}
  9202 | Bailey   | Found the +2 ratskin cloak {*Rats rPois rN+ Str-1 Int-1
                  | Dex+1}
  9212 | Bailey   | Reached skill level 5 in Ranged Weapons
  9491 | D:8      | Found a runed translucent gate.
  9492 | D:8      | Found a runed translucent gate.
  9492 | D:8      | Found a runed translucent gate.
  9520 | D:8      | Noticed anacleto's ghost (novice TrSh)
  9587 | D:8      | Noticed Pikel
  9596 | D:8      | Killed Pikel
  9813 | D:8      | Found a viscous altar of Jiyva.
  9824 | Lair:1   | Entered Level 1 of the Lair of Beasts
  9947 | D:9      | Noticed Erolcha
  9968 | D:9      | Killed Erolcha
  9969 | D:9      | Reached skill level 5 in Invocations
 10040 | D:9      | Found Hanozaq's Assorted Antiques.
 10046 | D:9      | Bought a scroll labelled OGOXEM FADALU for 27 gold pieces
 10087 | D:9      | Found a basalt altar of Yredelemnul.
 10182 | D:9      | Gained mutation: You regenerate magic rapidly. [demonic
                  | ancestry]
 10182 | D:9      | Reached XP level 11. HP: 79/84 MP: 15/15
 10359 | D:9      | Found Eplycuti's Magic Scroll Emporium.
 10503 | D:9      | Identified the +2 sling "Qemav" {flame, rF- Str+4}
 10583 | D:9      | Bought a scroll of blinking for 90 gold pieces
 10776 | D:10     | Entered Level 10 of the Dungeon
 10779 | D:10     | Reached skill level 10 in Long Blades
 10850 | D:10     | Found Xukou's Assorted Antiques.
 10851 | D:10     | Found Biddiale's Armour Emporium.
 10855 | D:10     | Found Nuib's General Store.
 10856 | D:10     | Found Naelete's Book Emporium.
 10859 | D:10     | Bought an inky potion for 19 gold pieces
 10909 | D:10     | Reached ***** piety under Fedhas
 10958 | D:10     | Bought a pair of glowing gloves for 165 gold pieces
 11017 | D:10     | Noticed Fannar
 11036 | D:10     | Killed Fannar
 11037 | D:10     | Reached skill level 5 in Stealth
 11053 | D:10     | You fall into a shaft and drop 1 floor!
 11082 | D:10     | Found a portal to a secret trove of treasure.
 11507 | D:10     | Noticed a two-headed ogre
 11513 | D:10     | Killed a two-headed ogre
 11939 | D:11     | Found a staircase to the Orcish Mines.
 12135 | D:11     | Reached skill level 5 in Armour
 12161 | D:11     | Noticed Maurice
 12184 | D:11     | Something stole 122 gold
 12185 | D:11     | Something stole a ring of fire
 12187 | D:11     | Something stole the +0 short sword of Ivvoave {flame, rF+
                  | rC- Str+6}
 12189 | D:11     | Something stole 4 curare-tipped darts
 12189 | D:11     | Killed Maurice
 12874 | Orc:1    | Entered Level 1 of the Orcish Mines
 12918 | Orc:1    | Noticed an orc sorcerer
 12922 | Orc:1    | Reached skill level 10 in Invocations
 12927 | Orc:1    | Killed an orc sorcerer
 12929 | Orc:1    | Noticed an orc knight
 12946 | Orc:1    | Killed an orc knight
 12947 | Orc:1    | Gained mutation: You glow faintly, very rarely releasing
                  | foul flame when damaged in melee. [demonic ancestry]
 12947 | Orc:1    | Reached XP level 12. HP: 92/92 MP: 17/19
 13002 | Orc:1    | Noticed an orc warlord
 13039 | Orc:1    | Killed an orc warlord
 13040 | Orc:1    | HP: 3/92 [orc warrior/+0 scimitar[an orc warlord] (21)]
 13150 | Orc:1    | Found Otoetwu's Distillery.
 13473 | Orc:2    | Entered Level 2 of the Orcish Mines
 13473 | Orc:2    | Found Comeg's Antique Weapon Shop.
 13488 | Abyss:2  | Cast into level 2 of the Abyss (orc knight)
 13570 | Abyss:2  | Noticed a merfolk aquamancer
 13572 | Abyss:2  | Noticed a merfolk aquamancer
 13578 | Abyss:2  | Noticed a merfolk aquamancer
 13638 | Abyss:2  | Noticed a starcursed mass
 13654 | Abyss:2  | Noticed a demonic crawler
 13665 | Abyss:2  | Found a corrupted altar of Lugonu.
 13670 | Abyss:2  | Fell from the grace of Fedhas
 13670 | Abyss:2  | Became a worshipper of Lugonu the Unformed
 13670 | Abyss:2  | Reached * piety under Lugonu
 13670 | Abyss:2  | Reached ** piety under Lugonu
 13671 | Orc:2    | Escaped the Abyss
 13725 | Orc:2    | Noticed an orc high priest
 13725 | Orc:2    | Found Byhoqit's General Store.
 13787 | Orc:2    | Found a staircase to the Elven Halls.
 13835 | Orc:2    | Noticed an orc warlord
 13894 | Orc:2    | Noticed an orc warlord
 14233 | Orc:1    | Gained mutation: Your touch may irresistibly damage your
                  | foes and sap their willpower. [demonic ancestry]
 14233 | Orc:1    | Reached XP level 13. HP: 90/90 MP: 20/22
 14530 | Orc:2    | Killed an orc warlord
 14590 | Orc:2    | Found Librysor's Book Boutique.
 14645 | Orc:2    | Found Itojuh's Antique Armour Boutique.
 14789 | Orc:1    | Killed an orc warlord
 15039 | Orc:2    | Reached skill level 10 in Fighting
 15263 | Orc:2    | Reached *** piety under Lugonu
 15445 | D:10     | Bought a +2 helmet of see invisible for 322 gold pieces
 15516 | Orc:1    | Bought a potion of cancellation for 128 gold pieces
 15516 | Orc:1    | Bought a potion of attraction for 48 gold pieces
 15516 | Orc:1    | Bought a potion of heal wounds for 80 gold pieces
 15600 | D:9      | Bought a scroll of teleportation for 36 gold pieces
 15600 | D:9      | Bought a scroll of teleportation for 36 gold pieces
 15629 | D:10     | Bought a scroll of identify for 44 gold pieces
 15629 | D:10     | Bought a scroll of identify for 44 gold pieces
 15751 | D:8      | Reached XP level 14. HP: 53/110 MP: 23/23
 16154 | Lair:1   | Reached skill level 1 in Evocations
 16575 | Lair:2   | Reached **** piety under Lugonu
 17169 | Lair:2   | Noticed Sonja
 17173 | Lair:2   | Killed Sonja
 17905 | Lair:3   | Found a staircase to the Swamp.
 18050 | Lair:4   | Reached ***** piety under Lugonu
 18390 | Lair:4   | Noticed Urug
 18402 | Lair:4   | Killed Urug
 18868 | Lair:5   | Entered Level 5 of the Lair of Beasts
 19191 | Lair:5   | Was forgiven by Fedhas
 19364 | Lair:5   | Noticed Nessos
 19381 | Lair:5   | Killed Nessos
 19417 | Lair:5   | Found a staircase to the Slime Pits.
 19437 | Lair:5   | Identified the ring "Ugyicuapp" {rElec rC+ Int+6 Dex+2}
 20076 | Lair:5   | Reached skill level 5 in Evocations
 20076 | Lair:5   | Reached XP level 15. HP: 105/119 MP: 17/25
 20988 | D:12     | Identified the +1 robe of the Turtle {rPois Str-5 Stlth+}
 21709 | D:13     | Found a roughly hewn altar of Beogh.
 21802 | D:13     | Reached ****** piety under Lugonu
 21819 | D:13     | Found a frozen archway.
 21835 | IceCv    | Entered an ice cave
 22243 | IceCv    | Noticed a frost giant
 22265 | IceCv    | Killed a frost giant
 23436 | D:13     | Found a gate to the Vaults.
 23890 | D:14     | Found Fimpu's Antique Armour Emporium.
 23956 | D:14     | Bought a pair of pitted boots for 180 gold pieces
 23956 | D:14     | Identified the +1 pair of boots "Arhauq" {Int+2} (You
                  | bought it in a shop on level 14 of the Dungeon)
 24365 | D:15     | Entered Level 15 of the Dungeon
 24439 | D:15     | Got the Omnibus of the Discharge
 24657 | D:15     | Found a staircase to the Depths.
 24773 | D:15     | Reached XP level 16. HP: 129/129 MP: 9/26
 25535 | Lair:3   | Found a staircase to the Snake Pit.
 25849 | Snake:1  | Entered Level 1 of the Snake Pit
 25923 | Snake:1  | Noticed Jorgrun
 25926 | Snake:1  | Identified the serpent talisman "Loafro" {rF+ Will+ Dex+4}
 25926 | Snake:1  | Noticed Aizul
 25939 | Snake:1  | Killed from afar by Jorgrun

Illustrated notes

Levels and vault maps discovered:
D:1:      psy_arrival_heroes, layout_basic, shapermc_ecumenical_altar_pompeii
D:2:      layout_loops_corners, uniq_robin
D:3:      layout_rooms, chequers_jeans, hangedman_decor_points
D:4:      layout_basic, minmay_vboxes
D:5:      layout_rooms, lemuel_tele_altar, grunt_dithmenos_smoke, temple_pool_b,
          portal_sewer_entry_f
D:6:      layout_cave_pools, nicolae_tso_carved_into_rock, minivault_14
D:7:      corexii_shantytown, layout_layer_cave, amcnicky_altar_gilded,
          makhleb_heckhound_becter, chequers_serial_rivers_micro_b
D:8:      layout_loops_corners, lemuel_coloured_pillars_altar,
          evilmike_ruin_ashenzari, minmay_lair_entry_lava, gammafunk_ghost_ooze,
          st_stairs_6, uniq_pikel
D:9:      layout_basic, kennysheep_little_box, enter_bailey_1, serial_shops,
          nicolae_shop_industrial_runoff, shop, nicolae_shop_window_shopping,
          uniq_erolcha
D:10:     layout_roguey, enter_trove_2, hangedman_abyss_or_decor_stabs,
          minmay_shop_grid_forest, grunt_decor_fettered, uniq_fannar
D:11:     layout_layer_cave, david_orc_3, uniq_maurice
D:12:     layout_gridville, kennysheep_windowed_goal
D:13:     layout_grid_maze, hellmonk_vaults_keyhole,
          portal_ice_cave_entry_pillars_2, special_room [special_room_orc]
D:14:     layout_roguey, serial_shops, shop
D:15:     grunt_enter_depths_giant_problem, layout_irregular_city,
          chequers_serial_rivers_micro_c, grunt_decor_cap
Temple:   nicolae_temple_ecumenical_triangle
Lair:1:   layout_hall_layers, guppyfry_lair_drakes
Lair:2:   layout_chaotic_city, chequers_serial_rivers_micro_a,
          gammafunk_lair_bear_cave, grunt_megastairs_2, lemuel_fruit_fields,
          serial_bayou_shore_a, uniq_sonja
Lair:3:   layout_loops_ring, minmay_swamp_entry_eels,
          nicolae_snake_entry_warm_welcome, serial_bayou_shore_b
Lair:4:   layout_regular_city, st_stairs_12, uniq_urug
Lair:5:   hangedman_lair_tendril_chambers, layout_regular_city,
          dpeg_slime_entry_enclosed, bobbens_dragon_lair_wall, uniq_nessos
Snake:1:  layout_gridlike, serial_shops, nicolae_shop_hallway_plus, uniq_aizul,
          uniq_jorgrun, uniq_asterion
Orc:1:    layout_caves, serial_shops, shop
Orc:2:    grunt_orc_gardens, layout_caves, grunt_orc_garden, grunt_orc_garden,
          grunt_orc_garden, grunt_orc_garden

Skill      XL: |  1  2  3  4  5  6  7  8  9 10 11 12 13 14 15 16 |
---------------+-------------------------------------------------+-----
Long Blades    | 3 4 6 8 9 10 11 12 14 | 14.0
Stealth        | 1 2 3 4 6 |  6.0
Ranged Weapons | 2 4 6 7 |  7.2
Armour         | 2 3 6 7 8 9 |  9.8
Dodging        | 3 4 5 6 7 8 9 |  9.8
Fighting       | 3 4 5 7 8 9 10 11 12 | 12.7
Invocations    | 1 4 6 10 12 14 | 14.0
Evocations     | 5 6 |  6.0
Throwing       | 3 4 |  4.3

Action                     |  1- 3 |  4- 6 |  7- 9 | 10-12 | 13-15 | 16-18 || total
---------------------------+-------+-------+-------+-------+-------+-------++-------
  Melee: Long sword        |    93 |   141 |   285 |   530 |    16 |       ||  1065
         Touch             |       |       |    54 |   135 |   263 |    22 ||   474
         Dagger            |       |       |     6 |    80 |     9 |       ||    95
         Short sword       |       |       |     6 |       |       |       ||     6
         Scimitar          |       |       |       |       |  1049 |    77 ||  1126
   Fire: Sling             |       |    63 |   162 |   151 |    75 |       ||   451
         Orcbow            |       |       |       |       |   133 |     6 ||   139
  Throw: Throwing net      |     2 |     1 |     2 |     4 |       |       ||     9
         Dart              |       |     9 |    32 |    18 |    27 |       ||    86
         Boomerang         |       |       |       |       |       |     2 ||     2
 Invoke: Grow Ballistomyce |       |       |       |     4 |       |       ||     4
         Wall of Briars    |       |       |       |     2 |       |       ||     2
         Depart the Abyss  |       |       |       |     1 |       |       ||     1
  Evoke: Wand              |       |       |       |     4 |    23 |     4 ||    31
         Phial of floods   |       |       |       |       |     3 |       ||     3
    Use: Scroll            |       |       |    16 |     5 |    14 |     1 ||    36
         Potion            |       |       |       |     5 |     1 |     1 ||     7
   Stab: Sleeping          |     2 |       |    13 |     8 |     3 |       ||    26
         Held in net/web   |       |       |     1 |     4 |       |       ||     5
         Confused          |       |       |       |     3 |     2 |       ||     5
         Invisible         |       |       |       |     3 |     6 |       ||     9
         Distracted        |       |       |       |       |    20 |     1 ||    21
         Paralysed         |       |       |       |       |     1 |       ||     1
 Armour: Leather armour    |     8 |       |       |       |       |       ||     8
         Ring mail         |    51 |    24 |       |       |       |       ||    75
         Steam dragon scal |       |    68 |   158 |   111 |       |       ||   337
         Acid dragon scale |       |       |       |   314 |   606 |    47 ||   967
  Dodge: Dodged            |    56 |   118 |   197 |   630 |   805 |    48 ||  1854

Table legend: (Time is in decaauts)
 A = Elapsed time spent in this place.
 B = Non-inter-level travel time spent in this place.
 C = Inter-level travel time spent in this place.
 D = Time resting spent in this place.
 E = Time spent auto-exploring this place.
 F = Levels seen in this place.
 G = Mean time per level.
                   A        B        C        D        E       F      G
               +--------+--------+--------+--------+--------+-----+--------+
         Total |  25841 |  23589 |   2252 |    338 |  16620 |  28 |  922.9 |
       Dungeon |  15739 |  14174 |   1565 |    204 |  10521 |  15 | 1049.3 |
        Temple |     34 |      2 |     32 |      0 |      0 |   1 |   34.0 |
          Lair |   5191 |   4909 |    282 |     22 |   3688 |   5 | 1038.2 |
     Snake Pit |     77 |     77 |      0 |      0 |     38 |   1 |   77.0 |
  Orcish Mines |   2399 |   2028 |    371 |    101 |   1122 |   2 | 1199.5 |
         Abyss |    181 |    181 |      0 |      0 |      0 |   1 |  181.0 |
         Sewer |    946 |    946 |      0 |      0 |    668 |   1 |  946.0 |
        Bailey |    499 |    499 |      0 |      0 |    130 |   1 |  499.0 |
      Ice Cave |    771 |    771 |      0 |     10 |    452 |   1 |  771.0 |
               +--------+--------+--------+--------+--------+-----+--------+

Top non-repeatable levels by time:
     D:8: 1658 daAuts
  Lair:5: 1623 daAuts
   Orc:1: 1390 daAuts
    D:11: 1370 daAuts
     D:9: 1310 daAuts
     D:7: 1284 daAuts
    D:13: 1199 daAuts
     D:4: 1196 daAuts
    D:10: 1098 daAuts
  Lair:2: 1094 daAuts
     D:2: 1055 daAuts
   Orc:2: 1009 daAuts
     D:6: 954 daAuts
   Sewer: 946 daAuts
  Lair:3: 945 daAuts
